 Dungeon Crawl Stone Soup version 0.29.1-13-g9f3cf754e1 (webtiles) character file.

Game seed: 2166557998562265069

552 sankara the Firebug (level 7, -2/50 HPs)
             Began as a Hill Orc Fire Elementalist on Feb 10, 2023.
             Killed from afar by Sigmund (8 damage)
             ... with a magic dart
             ... on level 3 of the Dungeon.
             The game lasted 00:14:45 (3915 turns).

sankara the Firebug (Hill Orc Fire Elementalist)    Turns: 3915, Time: 00:14:45

Health: -2/50      AC:  7    Str: 11    XL:     7   Next: 29%
Magic:  5/11       EV: 16    Int: 17    God:
Gold:   163        SH:  0    Dex: 11    Spells: 3/11 levels left

rFire   . . .      SeeInvis .   a - +0 dagger
rCold   . . .      Faith    .   (no shield)
rNeg    . . .      Spirit   .   c - +0 robe
rPois   .          Reflect  .   C - +0 helmet
rElec   .          Harm     .   (no cloak)
rCorr   .          Rampage  .   (no gloves)
Will    .....                   (no boots)
Stlth   ++........              (no amulet)
HPRegen 0.16/turn               j - +4 ring of protection
MPRegen 0.12/turn               q - +4 ring of evasion

@: no status effects
A: no striking features
a: no special abilities


You were on level 3 of the Dungeon.
You visited 1 branch of the dungeon, and saw 3 of its levels.
You also visited: Sewer.

You collected 163 gold pieces.

Inventory:

Hand Weapons
 a - a +0 dagger (weapon)
 k - a +0 hand axe
 s - a +0 short sword of venom
Missiles
 r - 3 curare-tipped darts
 u - 7 poisoned darts
 z - 4 atropa-tipped darts
Armour
 c - a +0 robe (worn)
 y - a +0 ring mail of cold resistance
 C - a +0 helmet (worn)
Jewellery
 j - a +4 ring of protection (left hand)
 m - a ring of wizardry
 q - a +4 ring of evasion (right hand)
Scrolls
 d - 2 scrolls of magic mapping
 f - 3 scrolls of identify {unknown}
 i - a scroll of brand weapon {unknown}
 o - a scroll of amnesia {unknown}
 t - 2 scrolls of fog {unknown}
 w - 2 scrolls of fear {unknown}
 A - a scroll of blinking {unknown}
Potions
 b - a potion of magic
 e - 2 potions of curing {unknown}
 g - a potion of attraction {unknown}
 h - 3 potions of mutation {unknown}
 l - a potion of brilliance {unknown}
 n - 2 potions of heal wounds {unknown}
 p - a potion of lignification {unknown}
 v - a potion of haste {unknown}
 x - a potion of invisibility {unknown}
 B - a potion of degeneration {unknown}


   Skills:
 + Level 2.9 Dodging
 - Level 1.5 Stealth
 + Level 2.8 Spellcasting
 * Level 4.3 Conjurations
 * Level 5.7 Fire Magic


You had 3 spell levels left.
You knew the following spells:

 Your Spells              Type           Power      Damage    Failure   Level
a - Foxfire               Conj/Fire      76%        2x1d7     2%          1
b - Conjure Flame         Conj/Fire      19%        6-21      7%          3
c - Flame Wave            Conj/Fire      19%        2d7       22%         4

Your spell library contained the following spells:

 Spells                   Type           Power      Damage    Failure   Level
 Scorch                   Fire           42%        2d7       2%          2
 Inner Flame              Hex/Fire       12%        N/A       17%         3
 Sting                    Tmut/Pois      8%         1d3       19%         1
 Poisonous Vapours        Pois/Air       4%         N/A       26%         2
 Olgreb's Toxic Radiance  Pois           2%         N/A       87%         4


Dungeon Overview and Level Annotations

Branches:
Dungeon (3/15)              Sewer (visited)

Altars:

Annotations:
D:3 Sigmund


Message History

You are confused.
You completely miss something. Something barely misses you.
You closely miss something.
You hear some strange, mumbled words.
Something tries to affect you, but you resist.
You closely miss something. Something hits you.
You closely miss something.
You bump into the rock wall.
You feel less confused. Something hits you.
Really walk into a travel-excluded area? [Y]es or [N]o only, please.
Really walk into a travel-excluded area? [Y]es or [N]o only, please.
Really walk into a travel-excluded area? [Y]es or [N]o only, please.
Really walk into a travel-excluded area?
Okay, then.
You hit something but do no damage.
You hear a zap.
You suddenly lose the ability to move!
You hear some strange, mumbled words.
A magic dart appears from out of thin air!
The magic dart hits you! Something hits you but does no damage.
Something hits you!
You can move again.
Unknown command.
Unknown command.
Casting: Foxfire (safe; 2% risk of failure)
Confirm with . or Enter, or press ? or * to list all spells.
You conjure some foxfire!
Something barely misses you.
Casting: Foxfire (safe; 2% risk of failure)
Confirm with . or Enter, or press ? or * to list all spells.
You conjure some foxfire!
Something hits you!
* * * LOW HITPOINT WARNING * * *
The foxfire hits something but does no damage.
A magic dart appears from out of thin air!
The magic dart hits you!
You die...

#.......###.#.#.#.#.#*#.........
#.####..###...#.#...###.#.#...##
#.# ###....###...###....#.#...#
#.###....#.#)#.#.#.#.#..#@....#
##.....#....##.#.#.##......#.#.#
..####.#.###..#.#v#{.###.#>#.#.#
..# #...#)..#.#.#.#v§.#...#,#.#
..####.#.###..#.#.#v.###.#,*,#.#
.....#......##.#@#v##....#,*,#.#
..##.###..#.#.#.#.#(#.#..#.#,#.#
..##.#<#....###...###....#.#,#.##
..##.#.#.###...#.#...###.#.#.#...
##.......###.#.#[#.#.###.#.#.####
#....^...##...###...##..#.#.#
#......#...............##.#.####
#......#####.#..####.........#..
#......#####.#.#####............


There were no monsters in sight!

Vanquished Creatures
  6 kobold brigands (Sewer)
  A hound (D:3)
  2 adders (D:3)
  3 worms (Sewer)
  A dart slug (D:1)
  An orc (D:3)
  14 ball pythons
  6 bats
  11 endoplasms
  5 giant cockroaches
  4 hobgoblins
  6 jackals
  7 kobolds
  5 quokkas
  A frilled lizard (D:1)
  2 goblins (D:1)
  8 rats
83 creatures vanquished.

Vanquished Creatures (collateral kills)
  8 foxfires (D:1)
8 creatures vanquished.

Vanquished Creatures (others)
  225 foxfires
  36 plants (D:1)
261 creatures vanquished.

Grand Total: 352 creatures vanquished

Notes
Turn   | Place    | Note
-------+----------+-------------------------------------------
     0 | D:1      | sankara the Hill Orc Fire Elementalist began the quest for
                  | the Orb.
     0 | D:1      | Reached XP level 1. HP: 14/14 MP: 3/3
   193 | D:1      | Reached XP level 2. HP: 5/20 MP: 1/4
  1202 | D:2      | Reached XP level 3. HP: 26/26 MP: 3/5
  1231 | D:2      | Learned a level 3 spell: Conjure Flame
  2071 | D:3      | Found a glowing drain.
  2096 | Sewer    | Entered a sewer
  2116 | Sewer    | Noticed a kobold brigand
  2124 | Sewer    | Killed a kobold brigand
  2125 | Sewer    | Reached skill level 4 in Fire Magic
  2125 | Sewer    | Reached XP level 4. HP: 33/33 MP: 0/7
  2219 | Sewer    | Reached XP level 5. HP: 38/38 MP: 5/8
  2224 | Sewer    | Learned a level 4 spell: Flame Wave
  2278 | Sewer    | Noticed a kobold brigand
  2287 | Sewer    | Killed a kobold brigand
  2339 | Sewer    | Noticed a kobold brigand
  2349 | Sewer    | Killed a kobold brigand
  2350 | Sewer    | Reached XP level 6. HP: 45/45 MP: 4/9
  2434 | Sewer    | Reached skill level 5 in Fire Magic
  2687 | Sewer    | Reached XP level 7. HP: 50/50 MP: 6/11
  3054 | D:3      | Noticed Sigmund
  3907 | D:3      | Paralysed by something for 5 turns
  3915 | D:3      | Killed from afar by Sigmund

Illustrated notes

Levels and vault maps discovered:
D:1:      dpeg_arrival_rooms_c, layout_basic, serial_bayou,
          serial_bayou_shore_a, serial_bayou_crossing, serial_bayou_pond_a,
          serial_bayou_lagoon_a, serial_bayou_shore_b, serial_bayou_lagoon_b
D:2:      layout_basic
D:3:      layout_basic, doesnt_xom_only_xom, gup_sewer_entry_bowl,
          minmay_starry_boxes, uniq_sigmund

Skill      XL: |  1  2  3  4  5  6 |
---------------+-------------------+-----
Conjurations   | 2 3 4 |  4.3
Dodging        | 2 |  2.9
Spellcasting   | 2 |  2.8
Fire Magic     | 4 5 |  5.7
Stealth        | |  1.5

Action                   |  1- 3 |  4- 6 |  7- 9 || total
-------------------------+-------+-------+-------++-------
Melee: Short sword       |    17 |       |       ||    17
       Dagger            |    38 |     7 |    13 ||    58
       Punch             |       |     1 |       ||     1
 Cast: Foxfire           |    59 |    29 |    64 ||   152
  Use: Scroll            |     1 |       |       ||     1
Armor: Robe              |    11 |       |     7 ||    18
Dodge: Dodged            |    50 |    14 |    27 ||    91
